Map: Rifts to Korhal

Players

Cutter

  • Race: Terran Terran

aquatic

  • Race: Protoss Protoss
  • Spawn Location: 7:00

VOD

Have the link to the VOD?

Description

I kept getting harassed by this troll, if you see this person make sure to report them for this

Time

  • Played on: Aug. 21, 2019, 11:24 a.m.
  • Length: 26:33
Show
View Real Time Build Order
Export as new Build Order

Cutter Terran 

Build Orders:  

Get SALT Encoding   

  12  0:04  SCV  
  13  0:20  SCV  
  14  0:37  SCV  
  15  0:54  SCV  
  16  1:11  SCV  
  16  1:13  Fixers Safehouse  
  16  1:16  Refinery  
  17  1:20  Refinery  
  17  1:28  SCV  
  18  1:45  SCV  
  18  1:47  Engineering Bay  
  19  2:02  SCV  
  20  2:19  SCV  
  21  2:36  SCV  
  21  2:38  Engineering Bay  
  22  2:53  SCV  
  23  3:01  Tychus  
  23  3:10  SCV  
  24  3:23  Lt Layna Nikara  
  24  3:27  SCV  
  35  3:44  SCV  
  36  4:01  SCV  
  36  4:07  Command Center  
  37  4:18  SCV  
  38  4:48  ITC-E Triggers  
  38  4:49  Big Red Button  
  38  5:37  SCV  
  39  5:54  SCV  
  40  6:21  Outlaw Life and Armor Level 1, Outlaw Weapons Level 1  
  40  6:32  Procyon Twin Heal Beam Gauntlet  
  40  6:37  SCV x2  
  42  6:54  SCV x2  
  44  7:05  Gunslingers Hideout  
  44  7:16  Umojan Repair Nanites  
  44  7:22  SCV x2  
  46  7:39  SCV x2  
  48  7:56  SCV x2  
  50  8:13  SCV x2  
  52  8:52  SCV x2  
  52  8:56  Refinery  
  52  8:57  Refinery  
  54  9:09  SCV x2  
  56  9:12  Vega  
  66  9:28  Flashforce GDM Visor, Endurance Supplements  
  66  10:16  Procyon Serum  
  66  10:58  Outlaw Weapons Level 2, Outlaw Life and Armor Level 2  
  66  11:01  Moebius Psionic Motivator  
  66  11:35  SCV  
  67  11:52  SCV, Medivac Platform  
  68  12:01  Kel-Morian Ripper Rounds  
  68  13:40  Crooked Sam  
  78  13:56  XM-77 Matrix Generator  
  78  14:16  Muscle Armory  
  78  14:32  Procyon Shade Suit  
  78  15:44  Kev Rattlesnake West  
  88  17:20  Outlaw Weapons Level 3, Outlaw Life and Armor Level 3  
  88  18:56  Medivac Platform  
  88  19:01  Medivac Platform  
  88  19:16  Muscle Armory  
  88  19:21  KD9a Implosion Core  
  88  19:22  Vanadium Shell  
  88  19:24  SureShot Networked Helmet  
  88  19:26  LarsCorp G7 Charges  
  88  19:27  Moebius Restraint Matrix  
  88  19:58  Enhanced Hostilities Kit  
  88  21:59  Outlaw Life and Armor Level 4, Outlaw Weapons Level 4  
  88  22:09  Neural Disruption Device  
  88  22:10  Psi Projector  
  88  24:08  Type-88 Persuader  
Show
View Real Time Build Order
Export as new Build Order

aquatic Protoss 

Build Orders:  

Get SALT Encoding   

  12  0:03  Probe (Chrono Boost)  
  13  0:17  Probe (Chrono Boost)  
  14  0:31  Probe (Chrono Boost)  
  14  0:32  Pylon  
  15  0:56  Probe (Chrono Boost)  
  15  0:58  Gateway  
  16  1:10  Probe (Chrono Boost)  
  17  1:24  Probe (Chrono Boost)  
  17  1:27  Assimilator  
  17  1:28  Pylon  
  18  1:33  Assimilator  
  18  1:38  Probe (Chrono Boost)  
  19  1:52  Probe (Chrono Boost)  
  20  2:06  Probe (Chrono Boost)  
  21  2:11  Cybernetics Core  
  21  2:19  Probe (Chrono Boost)  
  22  2:35  Probe (Chrono Boost)  
  23  2:50  Probe (Chrono Boost)  
  23  2:54  Warp Gate  
  24  3:07  Probe (Chrono Boost)  
  25  3:23  Probe (Chrono Boost), Death Council  
  26  3:43  Probe (Chrono Boost)  
  26  3:44  Gateway  
  27  3:58  Probe (Chrono Boost)  
  28  4:04  Blood Shields  
  28  4:08  Nexus  
  28  4:23  Probe (Chrono Boost)  
  29  4:46  Probe (Chrono Boost)  
  29  4:48  Soul Augmentation  
  30  4:50  Assimilator  
  30  4:55  Assimilator  
  30  5:03  Probe (Chrono Boost)  
  31  5:12  Pylon  
  31  5:18  Pylon  
  31  5:39  Havoc  
  33  5:40  Probe (Chrono Boost)  
  33  5:41  Slayer  
  35  5:57  Probe (Chrono Boost)  
  36  6:06  Probe (Chrono Boost)  
  36  6:14  Probe (Chrono Boost)  
  37  6:20  Probe (Chrono Boost)  
  37  6:27  Gateway  
  38  6:30  Gateway  
  38  6:36  Probe (Chrono Boost)  
  38  6:38  Probe (Chrono Boost)  
  40  6:46  Phase Blink  
  40  6:51  Probe (Chrono Boost)  
  40  6:55  Probe (Chrono Boost)  
  42  7:08  Probe (Chrono Boost)  
  43  7:10  Robotics Facility  
  43  7:12  Probe (Chrono Boost)  
  43  7:19  Havoc  
  45  7:26  Slayer  
  47  7:30  Phasing Armor  
  47  7:36  Probe (Chrono Boost)  
  47  7:39  Probe (Chrono Boost)  
  49  7:47  Pylon x2  
  49  7:50  Gateway  
  49  8:00  Probe (Chrono Boost)  
  49  8:03  Probe (Chrono Boost)  
  51  8:14  Probe (Chrono Boost)  
  51  8:19  Probe (Chrono Boost)  
  50  8:40  Warp Prism  
  50  8:45  Supplicant x2  
  50  8:46  Supplicant x2  
  50  8:47  Slayer  
  58  9:37  Pylon  
  58  9:39  Pylon  
  58  9:43  Warp Prism  
  58  9:56  Robotics Facility  
  58  10:02  Havoc  
  58  10:03  Slayer x2  
  58  10:04  Supplicant x2  
  58  10:05  Supplicant x2  
  71  10:19  Warp Prism  
  71  10:40  Slayer x2  
  71  10:41  Slayer  
  71  10:42  Supplicant x2  
  71  10:45  Havoc  
  82  11:03  Vanguard x2  
  90  11:36  Warp Prism  
  90  11:39  Supplicant x4  
  92  11:56  Warp Prism  
  92  12:21  Robotics Bay  
  92  12:24  Forge x2  
  92  12:28  Forge  
  92  12:41  Warp Prism  
  92  12:45  Pylon  
  92  12:46  Pylon  
  92  12:49  Pylon  
  92  12:52  Pylon  
  92  12:55  Pylon  
  92  12:57  Pylon  
  92  13:00  Pylon  
  92  13:04  Pylon  
  92  13:06  Pylon  
  92  13:08  Pylon  
  92  13:11  Pylon  
  92  13:26  Warp Prism  
  92  13:27  Fusion Mortars  
  92  13:34  Vanguard  
  92  13:35  Wraithwalker  
  102  13:44  Protoss Ground Armor Level 1, Protoss Ground Weapons Level 1, Protoss Air Armor Level 1, Protoss Shields Level 1, Protoss Air Weapons Level 1  
  102  13:59  Pylon  
  102  14:02  Pylon  
  102  14:04  Pylon, Slayer  
  102  14:05  Supplicant x4  
  102  14:06  Supplicant x4  
  120  14:11  Pylon  
  120  14:12  Warp Prism  
  120  14:16  Matter Dispersion  
  114  14:46  Warp Prism  
  108  14:52  Slayer x2  
  108  14:53  Slayer x2  
  116  15:05  Aerial Tracking  
  116  15:09  Vanguard  
  120  15:10  Wraithwalker  
  126  15:26  Havoc  
  126  15:27  Havoc x2  
  126  15:28  Havoc  
  126  15:29  Slayer, Warp Prism  
  126  15:54  Rapid Power Cycling  
  124  16:04  Vanguard  
  126  16:25  Wraithwalker  
  130  16:31  Supplicant x2  
  130  16:32  Supplicant x2  
  130  16:33  Slayer  
  130  16:35  Slayer, Supplicant x2  
  142  16:41  Protoss Shields Level 2, Protoss Air Armor Level 2, Protoss Ground Armor Level 2, Protoss Air Weapons Level 2, Protoss Ground Weapons Level 2  
  64  17:49  Supplicant x6  
  76  17:50  Slayer  
  54  18:27  Vanguard  
  54  18:28  Warp Prism  
  60  18:41  Supplicant x2  
  60  18:42  Supplicant x4  
  60  18:44  Slayer  
  74  18:57  Havoc  
  75  19:04  Wraithwalker  
  75  19:17  Warp Prism  
  75  19:19  Cloaking Module  
  81  19:24  Vanguard  
  81  19:38  Supplicant x4  
  81  19:39  Slayer, Havoc  
  96  19:53  Protoss Air Armor Level 3, Protoss Ground Armor Level 3, Protoss Ground Weapons Level 3, Protoss Shields Level 3, Protoss Air Weapons Level 3  
  96  19:58  Slayer  
  98  20:01  Supplicant x4  
  98  20:05  Wraithwalker  
  112  20:29  Warp Prism  
  96  21:10  Warp Prism  
  96  21:15  Supplicant x6  
  96  21:16  Supplicant x2  
  96  21:17  Slayer  
  96  21:20  Wraithwalker  
  96  21:23  Vanguard  
  100  21:51  Supplicant x4  
  100  21:52  Slayer, Supplicant x2  
  114  22:03  Warp Prism  
  114  22:08  Vanguard  
  118  22:21  Wraithwalker  
  124  22:45  Slayer x2  
  124  22:46  Slayer, Supplicant x2  
  124  22:47  Supplicant x2  
  138  22:53  Vanguard  
  140  23:10  Supplicant x2  
  140  23:11  Slayer  
  140  23:20  Warp Prism  
  140  23:22  Wraithwalker  
  90  24:03  Supplicant x4  
  90  24:04  Slayer x2  
  100  24:13  Vanguard  
  100  24:24  Wraithwalker  
  100  24:27  Supplicant x4  
  100  24:28  Slayer  
  64  25:11  Supplicant x2  
  64  25:13  Supplicant x2  
  64  25:14  Slayer, Supplicant x2  
  78  25:48  Supplicant x2  
  82  25:52  Slayer x2  
  82  25:53  Slayer  
  82  25:59  Slayer  
  66  26:12  Supplicant x2  
Tags
 
Add a new tag
Caveats
  • Supply blocks, unpowered buildings, or Contaminate may cause inaccurate times.
  • Supply counts are checked every 10 seconds.